 Dungeon Crawl Stone Soup version 0.29.1-1-gd02db6906a (webtiles) character file.

Game seed: 3234224662174706033

241 Ashen the Chiller (level 5, -1/38 HPs)
             Began as a Demonspawn Ice Elementalist on Oct 21, 2022.
             Killed from afar by a white imp (8 damage)
             ... with a puff of frost
             ... on level 3 of the Dungeon.
             The game lasted 00:08:01 (3180 turns).

Ashen the Chiller (Demonspawn Ice Elementalist)     Turns: 3180, Time: 00:08:02

Health: -1/38      AC:  3    Str:  9    XL:     5   Next: 80%
Magic:  8/9        EV: 13    Int: 18    God:
Gold:   50         SH:  0    Dex: 15    Spells: 3/10 levels left

rFire   . . .      SeeInvis .   k - +0 short sword (vamp)
rCold   . . .      Faith    .   (no shield)
rNeg    . . .      Spirit   .   a - +0 robe
rPois   .          Reflect  .   (no helmet)
rElec   .          Harm     .   (no cloak)
rCorr   .          Rampage  .   h - +0 pair of gloves
Will    .....                   (no boots)
Stlth   ++........              (no amulet)
HPRegen 0.12/turn               (no ring)
MPRegen 0.11/turn               (no ring)

@: weak-willed, very slow
A: thin skeletal structure 1, demonic magic 1
a: no special abilities


You were on level 3 of the Dungeon.
You visited 1 branch of the dungeon, and saw 3 of its levels.
You also visited: Sewer.

You collected 50 gold pieces.

Inventory:

Hand Weapons
 k - a +0 vampiric short sword (weapon)
Missiles
 n - 4 javelins
Armour
 a - a +0 robe (worn)
 h - a +0 pair of gloves (worn)
Scrolls
 d - a scroll of enchant armour {unknown}
 e - 3 scrolls of teleportation
 f - a scroll of vulnerability
 j - a scroll of identify {unknown}
 p - 2 scrolls of brand weapon
Potions
 b - 2 potions of magic
 c - 2 potions of mutation {unknown}
 g - a potion of berserk rage {unknown}
 i - a potion of brilliance {unknown}
 l - a potion of degeneration {unknown}
 m - a potion of curing {unknown}


   Skills:
 + Level 2.2 Fighting
 + Level 2.9 Dodging
 + Level 3.1 Stealth
 + Level 3.1 Spellcasting
 + Level 4.3 Ice Magic


You had 3 spell levels left.
You knew the following spells:

 Your Spells              Type           Power      Damage    Failure   Level
a - Freeze                Ice            72%        1d9       2%          1
b - Frozen Ramparts       Ice            36%        1d6       9%          3
c - Ozocubu's Armour      Ice            18%        N/A       9%          3

Your spell library contained the following spells:

 Spells                   Type           Power      Damage    Failure   Level
 Necrotise                Necr           8%         1d4       16%         1
 Vampiric Draining        Necr           2%         2d6       43%         3
 Hailstorm                Conj/Ice       10%        3d5       54%         4
 Agony                    Necr           2%         N/A       99%         5


Dungeon Overview and Level Annotations

Branches:
Dungeon (3/15)              Sewer (visited)

Altars:
Okawaru
Sif Muna

Annotations:
D:3 Terence


Innate Abilities, Weirdness & Mutations

You have a somewhat thin skeletal structure. (Dex +2, Stealth+)
Spells you cast may paralyse adjacent enemies.


Message History

Your surroundings suddenly seem different.
Partly explored, can't reach some places.
You enter the shallow water.
Moving in this stuff is going to be slow.
Your butterfly disappears in a burst of colours!
There is a gate leading back out of this place here.
Okay, then.
Welcome back to the Dungeon!
Level annotation: Terence
There is a collapsed entrance here.
You enter the shallow water.
Moving in this stuff is going to be slow.
The white imp gestures at you. The puff of frost hits you!
The white imp gestures at you. The puff of frost hits you.
The white imp completely misses you. The white imp closely misses you.
Your unstable footing causes you to fumble your attack.
The white imp barely misses you.
You hit the white imp but do no damage. The white imp gestures at you.
The puff of frost hits you!
You are too injured to fight recklessly!
Casting: Freeze (safe; 2% risk of failure)
Confirm with . or Enter, or press ? or * to list all spells.
Aiming: Freeze (safe; 2% risk of failure)
Press: ? - help, Shift-Dir - straight line, f - white imp
Aim: a white imp You freeze the white imp but do no damage.
The white imp completely resists.
Malevolent energies surge around you. The white imp hits you.
The white imp freezes you.
* * * LOW HITPOINT WARNING * * *
Okay, then.
As you read the scroll of butterflies, it crumbles to dust.
You hear the tinkle of a tiny bell.
The white imp barely misses you.
You swap places.
The white imp misses your butterfly.
The white imp grinds its teeth.
The white imp gestures at you. The puff of frost hits you!
You die...

*,* #####.# **,* *,*
####.....# *,** ,,*
##.....รท.## **,* ***
##..#..~#..## **,** ***
#...~~b~~...# **,,,*
**,**#.#~~~b~~b#.# *,,,,*
****>,,##..~~~~~b~..## *,,,,*
,,,,,,,....~~bb~~~...##
*,,,,*
,***,,,##..~bb~b@~~...##
*,,,,, ,*
**,**#.#b~bb~b~#....#* *,,,,,
** *,*
#...~~b~~.b.#...#****,,,,
*,**##.b#b5.#b.##.#....,,,,,,
*,,,,##..b.........(###***,*,
****,*####..#.####### *,*,
*,* ##.#.#** **+** *,*
*.....,* **,,,* * ***,*
#.##.#.** **,,,,,


You could see a white imp (ally target).

Vanquished Creatures
  An orc wizard (D:3)
  3 gnolls (D:2)
  8 adders
  6 river rats (Sewer)
  3 dart slugs
  2 orcs (D:3)
  3 endoplasms
  A giant cockroach (D:1)
  2 goblins
  5 hobgoblins
  5 jackals
  4 ball pythons
  3 bats
  6 frilled lizards
  6 kobolds
  11 rats
69 creatures vanquished.

Vanquished Creatures (others)
  18 plants (D:2)
18 creatures vanquished.

Grand Total: 87 creatures vanquished

Notes
Turn   | Place    | Note
-------+----------+-------------------------------------------
     0 | D:1      | Ashen the Demonspawn Ice Elementalist began the quest for
                  | the Orb.
     0 | D:1      | Reached XP level 1. HP: 13/13 MP: 3/3
   396 | D:1      | Gained mutation: Spells you cast may paralyse adjacent
                  | enemies. [demonic ancestry]
   396 | D:1      | Reached XP level 2. HP: 20/20 MP: 0/5
  1265 | D:1      | Reached skill level 1 in Fighting
  1325 | D:2      | Gained mutation: You have a somewhat thin skeletal
                  | structure. (Dex +2, Stealth+) [demonic ancestry]
  1325 | D:2      | Reached XP level 3. HP: 23/26 MP: 4/6
  1509 | D:2      | Reached XP level 4. HP: 23/32 MP: 3/7
  1546 | D:2      | Reached skill level 4 in Ice Magic
  2102 | D:3      | Learned a level 3 spell: Frozen Ramparts
  2106 | D:3      | Learned a level 3 spell: Ozocubu's Armour
  2120 | D:3      | Found a shimmering blue altar of Sif Muna.
  2122 | D:3      | Found an iron altar of Okawaru.
  2129 | D:3      | Noticed Terence
  2173 | D:3      | Reached XP level 5. HP: 37/38 MP: 3/9
  2208 | D:3      | Found a glowing drain.
  2241 | Sewer    | Entered a sewer
  3180 | D:3      | Killed from afar by a white imp

Illustrated notes

Levels and vault maps discovered:
D:1:      dpeg_arrival_prison, layout_basic, minmay_tetromino_i4
D:2:      layout_rooms, nicolae_grassy_gnolls
D:3:      layout_loops_corners, chequers_temple_overflow_statue_of_worship,
          mainiacjoe_overflow_divided_tiny, cheibrodos_sewer_entry_drain,
          uniq_crazy_yiuf_cottage, uniq_grinder, uniq_terence

Skill      XL: |  1  2  3  4  5 |
---------------+----------------+-----
Stealth        | 2 3 |  3.1
Dodging        | 2 |  2.9
Fighting       | 1 2 |  2.2
Ice Magic      | 4 |  4.3
Spellcasting   | 3 |  3.1

Action                   |  1- 3 |  4- 6 || total
-------------------------+-------+-------++-------
Melee: Unarmed           |    19 |       ||    19
       Short sword       |    18 |    79 ||    97
       Punch             |     1 |       ||     1
 Cast: Freeze            |    38 |    41 ||    79
  Use: Scroll            |       |     7 ||     7
 Stab: Sleeping          |     7 |     5 ||    12
       Paralysed         |     9 |    20 ||    29
       Distracted        |     1 |       ||     1
Armor: Robe              |    18 |    10 ||    28
Dodge: Dodged            |    29 |    56 ||    85
